| TOP OF THE 1ST |
|
Erie SeaWolves batting - Pitching for Jackson Generals : RHP Tony Holley
|
|
Pitching: RHP Tony Holley
|
|
|
Batting: RHB Tanner Purchase
|
0-0: Ball 1-0: Called Strike 1-1: Ball 2-1: Foul Ball, location: 2F 2-2: Strikes out swinging
|
|
Batting: RHB Victor Reyes
|
0-0: Ball 1-0: Foul Ball, location: 2F 1-1: Ball 2-1: Ground out 6-3 (Groundball, 6, EV 83.8 MPH)
|
|
Batting: RHB John Evancho
|
0-0: Fly out, F5 (Popup, 56S, EV 83.8 MPH)
|
| Top of the 1st over - 0 runs, 0 hits, 0 errors, 0 left on base; Erie 0 - Jackson 0 |
| BOTTOM OF THE 1ST |
|
Jackson Generals batting - Pitching for Erie SeaWolves : RHP Andy Miller
|
|
Pitching: RHP Andy Miller
|
|
|
Batting: SHB Detlef Oursler
|
0-0: Foul Ball, location: 2F 0-1: Swinging Strike 0-2: SINGLE (Groundball, 6M, EV 83.1 MPH) (infield hit)
|
|
Batting: RHB Josh Ruhl
|
0-0: Ball Detlef Oursler steals 2nd, throwing error, E2 Detlef Oursler to third 1-0: Ball 2-0: Called Strike 2-1: Foul Ball, location: 2F 2-2: Foul Ball, location: 2F 2-2: Strikes out swinging
|
|
Batting: LHB Tom Reynolds
|
0-0: Ball 1-0: Ball 2-0: Fly out, F9 (Flyball, 9S, EV 95.0 MPH) Runner from 3rd tags up, SCORES, throw by RF
|
|
Batting: LHB Jawad Fahad
|
0-0: Ball 1-0: Foul Ball, location: 2F 1-1: Called Strike 1-2: Strikes out swinging
|
| Bottom of the 1st over - 1 run, 1 hit, 1 error, 0 left on base; Erie 0 - Jackson 1 |
| TOP OF THE 2ND |
|
Erie SeaWolves batting - Pitching for Jackson Generals : RHP Tony Holley
|
|
Batting: RHB Eric Angelle
|
0-0: Ball 1-0: Ball 2-0: SINGLE (Groundball, 56D, EV 104.4 MPH)
|
|
Batting: RHB Aaron Cusick
|
0-0: Ball 1-0: Foul Ball, location: 2F 1-1: Foul Ball, location: 2F 1-2: Foul Ball, location: 2F 1-2: Foul Ball, location: 2F 1-2: Foul Ball, location: 2F 1-2: Foul Ball, location: 2F 1-2: Strikes out looking
|
|
Batting: RHB Adam MacConnell
|
0-0: Ball 1-0: Fielders Choice at 2nd, 6-4 (Groundball, 6, EV 88.8 MPH)
|
|
Batting: RHB Carlos Armenteros
|
0-0: Called Strike 0-1: Swinging Strike 0-2: Fly out, F7 (Flyball, 78S, EV 87.5 MPH)
|
| Top of the 2nd over - 0 runs, 1 hit, 0 errors, 1 left on base; Erie 0 - Jackson 1 |
| BOTTOM OF THE 2ND |
|
Jackson Generals batting - Pitching for Erie SeaWolves : RHP Andy Miller
|
|
Batting: SHB Tony de Lara
|
0-0: Ball 1-0: Ball 2-0: Foul Ball, location: 2F 2-1: Called Strike 2-2: Fly out, F8 (Flyball, 8LD, EV 95.6 MPH)
|
|
Batting: SHB Jose Castillo
|
0-0: Called Strike 0-1: Ball 1-1: Foul Ball, location: 2F 1-2: Ball 2-2: Foul Ball, location: 2F 2-2: Fly out, F7 (Flyball, 7D, EV 101.9 MPH)
|
|
Batting: RHB Joe Stading
|
0-0: Ball 1-0: Reached on error, E4 (Groundball, 4, EV 85.6 MPH)
|
|
Batting: RHB Salvador Avina
|
0-0: Ball 1-0: Called Strike 1-1: Called Strike 1-2: Ball 2-2: DOUBLE (Flyball, 8LXD, EV 103.1 MPH) Joe Stading to third
|
|
Batting: RHB Matt Berkley
|
0-0: Ball 1-0: Fly out, F7 (Flyball, 7, EV 90.6 MPH)
|
| Bottom of the 2nd over - 0 runs, 1 hit, 1 error, 2 left on base; Erie 0 - Jackson 1 |
| TOP OF THE 3RD |
|
Erie SeaWolves batting - Pitching for Jackson Generals : RHP Tony Holley
|
|
Batting: SHB Shohei Fujii
|
0-0: Ball 1-0: Ball 2-0: Foul Ball, location: 2F 2-1: Ball 3-1: Base on Balls
|
|
Batting: RHB Willie Ochoa
|
0-0: Ball 1-0: Ball 2-0: Foul Ball, location: 2F 2-1: Called Strike 2-2: Fielders Choice at 2nd, 6-4 (Groundball, 6D, EV 103.8 MPH)
|
|
Batting: RHB Tanner Purchase
|
0-0: Called Strike 0-1: Ball 1-1: Fly out, F9 (Flyball, 9, EV 73.1 MPH)
|
|
Batting: RHB Victor Reyes
|
0-0: Ball 1-0: Foul Ball, location: 2F 1-1: Ball 2-1: Fielders Choice at 2nd, 5-4 (Groundball, 56, EV 103.1 MPH)
|
| Top of the 3rd over - 0 runs, 0 hits, 0 errors, 1 left on base; Erie 0 - Jackson 1 |
| BOTTOM OF THE 3RD |
|
Jackson Generals batting - Pitching for Erie SeaWolves : RHP Andy Miller
|
|
Batting: SHB Detlef Oursler
|
0-0: Ball 1-0: Ball 2-0: Swinging Strike 2-1: Swinging Strike 2-2: Fly out, F9 (Line Drive, 9, EV 86.9 MPH)
|
|
Batting: RHB Josh Ruhl
|
0-0: Called Strike 0-1: Reached on error, E1 (Groundball, 34S, EV 69.4 MPH)
|
|
Batting: LHB Tom Reynolds
|
0-0: Swinging Strike 0-1: Ground out 4-3 (Groundball, 4, EV 80.6 MPH) Josh Ruhl to third
|
|
Batting: LHB Jawad Fahad
|
0-0: Ground out U3 (Groundball, 34, EV 86.9 MPH)
|
| Bottom of the 3rd over - 0 runs, 0 hits, 1 error, 1 left on base; Erie 0 - Jackson 1 |
| TOP OF THE 4TH |
|
Erie SeaWolves batting - Pitching for Jackson Generals : RHP Tony Holley
|
|
Batting: RHB John Evancho
|
0-0: Reached on error, E6 (Groundball, 6, EV 100.0 MPH)
|
|
Batting: RHB Eric Angelle
|
0-0: Ball 1-0: Called Strike 1-1: DOUBLE (Flyball, 8RXD, EV 107.5 MPH) John Evancho to third
|
|
Batting: RHB Aaron Cusick
|
0-0: DOUBLE (Flyball, 8RXD, EV 110.0 MPH) John Evancho scores Eric Angelle scores
|
|
Batting: RHB Adam MacConnell
|
0-0: Ball 1-0: Ball 2-0: Called Strike 2-1: Fly out, F4 (Popup, 34, EV 60.6 MPH)
|
|
Batting: RHB Carlos Armenteros
|
0-0: Ball 1-0: Ground out 5-3 (Groundball, 5, EV 106.9 MPH)
|
|
Batting: SHB Shohei Fujii
|
0-0: Fly out, F7 (Flyball, 7D, EV 85.6 MPH)
|
| Top of the 4th over - 2 runs, 2 hits, 1 error, 1 left on base; Erie 2 - Jackson 1 |
| BOTTOM OF THE 4TH |
|
Jackson Generals batting - Pitching for Erie SeaWolves : RHP Andy Miller
|
|
Batting: SHB Tony de Lara
|
0-0: Hit by Pitch
|
|
Batting: SHB Jose Castillo
|
0-0: Ball 1-0: Foul Ball, location: 2F 1-1: SINGLE (Groundball, 34D, EV 104.4 MPH) Tony de Lara to second Runner from 2nd tries for 3rd, OUT! 9-5
|
|
Batting: RHB Joe Stading
|
0-0: Ball 1-0: Ball Jose Castillo is caught stealing 2nd base 2-4 2-0: Ball 3-0: Base on Balls
|
|
Batting: RHB Salvador Avina
|
0-0: Called Strike 0-1: DOUBLE (Groundball, 5L, EV 95.0 MPH) Joe Stading to third Runner from 3rd tries for Home, throw by LF and OUT! 7-6-2
|
| Bottom of the 4th over - 0 runs, 2 hits, 0 errors, 1 left on base; Erie 2 - Jackson 1 |
| TOP OF THE 5TH |
|
Erie SeaWolves batting - Pitching for Jackson Generals : RHP Tony Holley
|
|
Batting: RHB Willie Ochoa
|
0-0: Called Strike 0-1: Foul Ball, location: 2F 0-2: Ball 1-2: Strikes out swinging
|
|
Batting: RHB Tanner Purchase
|
0-0: Called Strike 0-1: Swinging Strike 0-2: Ball 1-2: Ball 2-2: Ball 3-2: Strikes out looking
|
|
Batting: RHB Victor Reyes
|
0-0: Called Strike 0-1: Ground out 5-3 (Groundball, 5S, EV 83.1 MPH)
|
| Top of the 5th over - 0 runs, 0 hits, 0 errors, 0 left on base; Erie 2 - Jackson 1 |
| BOTTOM OF THE 5TH |
|
Jackson Generals batting - Pitching for Erie SeaWolves : RHP Andy Miller
|
|
Batting: RHB Matt Berkley
|
0-0: Foul Ball, location: 2F 0-1: Ball 1-1: Swinging Strike 1-2: Ball 2-2: Foul Ball, location: 2F 2-2: Strikes out swinging
|
|
Batting: SHB Detlef Oursler
|
0-0: Ball 1-0: Called Strike 1-1: Foul Ball, location: 2F 1-2: Ball 2-2: Strikes out swinging
|
|
Batting: RHB Josh Ruhl
|
0-0: Called Strike 0-1: Swinging Strike 0-2: Strikes out swinging
|
| Bottom of the 5th over - 0 runs, 0 hits, 0 errors, 0 left on base; Erie 2 - Jackson 1 |
| TOP OF THE 6TH |
|
Erie SeaWolves batting - Pitching for Jackson Generals : RHP Tony Holley
|
|
Batting: RHB John Evancho
|
0-0: Called Strike 0-1: Ball 1-1: Ball 2-1: Ground out 6-3 (Groundball, 6, EV 91.9 MPH)
|
|
Pitching: RHP Ian Gaines
|
|
|
Batting: RHB Eric Angelle
|
0-0: Foul Ball, location: 2F 0-1: Called Strike 0-2: Ground out 5-3 (Groundball, 56S, EV 70.0 MPH)
|
|
Batting: RHB Aaron Cusick
|
0-0: Ground out 5-3 (Groundball, 5, EV 88.1 MPH)
|
| Top of the 6th over - 0 runs, 0 hits, 0 errors, 0 left on base; Erie 2 - Jackson 1 |
| BOTTOM OF THE 6TH |
|
Jackson Generals batting - Pitching for Erie SeaWolves : RHP Andy Miller
|
|
Batting: LHB Tom Reynolds
|
0-0: Fly out, F7 (Line Drive, 7S, EV 89.4 MPH)
|
|
Batting: LHB Jawad Fahad
|
0-0: Ball 1-0: Foul Ball, location: 2F 1-1: Foul Ball, location: 2F 1-2: Foul Ball, location: 2F 1-2: Ground out 6-3 (Groundball, 6, EV 83.1 MPH)
|
|
Batting: SHB Tony de Lara
|
0-0: Called Strike 0-1: Ball 1-1: Ground out U3 (Groundball, 3, EV 85.0 MPH)
|
| Bottom of the 6th over - 0 runs, 0 hits, 0 errors, 0 left on base; Erie 2 - Jackson 1 |
| TOP OF THE 7TH |
|
Erie SeaWolves batting - Pitching for Jackson Generals : RHP Ian Gaines
|
|
Batting: RHB Adam MacConnell
|
0-0: Swinging Strike 0-1: Foul Ball, location: 2F 0-2: Ball 1-2: Foul Ball, location: 2F 1-2: Strikes out swinging
|
|
Batting: RHB Carlos Armenteros
|
0-0: Ball 1-0: Ball 2-0: Called Strike 2-1: Ball 3-1: Base on Balls
|
|
Batting: SHB Shohei Fujii
|
0-0: Called Strike Carlos Armenteros steals 2nd base 0-1: Ball 1-1: Ball 2-1: Ball 3-1: Called Strike 3-2: 2-RUN HOME RUN (Flyball, 9D, EV 99.4 MPH), Distance : 380 ft
|
|
Batting: RHB Willie Ochoa
|
0-0: Ground out 5-3 (Groundball, 5, EV 88.1 MPH)
|
|
Batting: RHB Tanner Purchase
|
0-0: Called Strike 0-1: Called Strike 0-2: Ball 1-2: Ball 2-2: Ground out 3-1 (Groundball, 34, EV 99.4 MPH)
|
| Top of the 7th over - 2 runs, 1 hit, 0 errors, 0 left on base; Erie 4 - Jackson 1 |
| BOTTOM OF THE 7TH |
|
Jackson Generals batting - Pitching for Erie SeaWolves : RHP Andy Miller
|
|
Batting: SHB Jose Castillo
|
0-0: Ground out 4-3 (Groundball, 4S, EV 65.6 MPH)
|
|
Batting: RHB Joe Stading
|
0-0: Called Strike 0-1: Called Strike 0-2: Ball 1-2: Fly out, F3 (Popup, 3SF, EV 85.6 MPH)
|
|
Batting: RHB Salvador Avina
|
0-0: Ground out 6-3 (Groundball, 6S, EV 78.1 MPH)
|
| Bottom of the 7th over - 0 runs, 0 hits, 0 errors, 0 left on base; Erie 4 - Jackson 1 |
| TOP OF THE 8TH |
|
Erie SeaWolves batting - Pitching for Jackson Generals : RHP Ian Gaines
|
|
Batting: RHB Victor Reyes
|
0-0: Foul Ball, location: 2F 0-1: Ball 1-1: Ball 2-1: Swinging Strike 2-2: SINGLE (Line Drive, 6M, EV 102.5 MPH)
|
|
Batting: RHB John Evancho
|
0-0: Ball Wild Pitch! Victor Reyes to second 1-0: Ball 2-0: Foul Ball, location: 2F 2-1: Ball 3-1: Called Strike 3-2: Foul Ball, location: 2F 3-2: Base on Balls
|
|
Batting: RHB Eric Angelle
|
0-0: Ball 1-0: Swinging Strike 1-1: Swinging Strike 1-2: Fielders Choice at 2nd, 5-4 (Groundball, 56S, EV 91.2 MPH) Victor Reyes to third
|
|
Batting: RHB Aaron Cusick
|
0-0: Ball 1-0: Ball Eric Angelle is caught stealing 2nd base 2-4 2-0: Called Strike 2-1: SINGLE (Groundball, 6M, EV 103.8 MPH) (infield hit) Victor Reyes scores
|
|
Pitching: LHP Rentaro Minami
|
|
|
Batting: RHB Adam MacConnell
|
0-0: Ball 1-0: Ball Aaron Cusick is caught stealing 2nd base 2-4
|
| Top of the 8th over - 1 run, 2 hits, 0 errors, 0 left on base; Erie 5 - Jackson 1 |
| BOTTOM OF THE 8TH |
|
Jackson Generals batting - Pitching for Erie SeaWolves : RHP Andy Miller
|
|
Batting: RHB Matt Berkley
|
0-0: Ball 1-0: Called Strike 1-1: Ground out U3 (Groundball, 13, EV 85.6 MPH)
|
|
Batting: SHB Detlef Oursler
|
0-0: Ball 1-0: Called Strike 1-1: Called Strike 1-2: Foul Ball, location: 2F 1-2: Ball 2-2: Strikes out looking
|
|
Batting: RHB Josh Ruhl
|
0-0: Foul Ball, location: 2F 0-1: Foul Ball, location: 2F 0-2: Foul Ball, location: 2F 0-2: SINGLE (Groundball, 56, EV 108.1 MPH)
|
|
Batting: LHB Tom Reynolds
|
0-0: Ball 1-0: Called Strike 1-1: Ball 2-1: Swinging Strike 2-2: Ball 3-2: Base on Balls Josh Ruhl to second
|
|
Pitching: RHP Cameron Maxwell
|
|
|
Batting: LHB Jawad Fahad
|
0-0: Called Strike 0-1: Ball 1-1: Ball 2-1: Swinging Strike 2-2: Ball 3-2: Foul Ball, location: 2F 3-2: Strikes out swinging
|
| Bottom of the 8th over - 0 runs, 1 hit, 0 errors, 2 left on base; Erie 5 - Jackson 1 |
| TOP OF THE 9TH |
|
Erie SeaWolves batting - Pitching for Jackson Generals : LHP Rentaro Minami
|
|
Batting: RHB Adam MacConnell
|
0-0: Ball 1-0: Ball 2-0: Foul Ball, location: 2F 2-1: Swinging Strike 2-2: Foul Ball, location: 2F 2-2: Foul Ball, location: 2F 2-2: Foul Ball, location: 2F 2-2: Foul Ball, location: 2F 2-2: SOLO HOME RUN (Flyball, 78XD, EV 116.2 MPH), Distance : 440 ft
|
|
Batting: RHB Carlos Armenteros
|
0-0: Ball 1-0: Ground out 1-3 (Groundball, 34S, EV 68.8 MPH)
|
|
Batting: SHB Shohei Fujii
|
0-0: Called Strike 0-1: Foul Ball, location: 2F 0-2: Ball 1-2: Strikes out looking
|
|
Batting: RHB Willie Ochoa
|
0-0: Swinging Strike 0-1: SINGLE (Flyball, 89S, EV 84.4 MPH)
|
|
Batting: RHB Tanner Purchase
|
0-0: Called Strike 0-1: Fly out, F9 (Flyball, 9D, EV 109.4 MPH)
|
| Top of the 9th over - 1 run, 2 hits, 0 errors, 1 left on base; Erie 6 - Jackson 1 |
| BOTTOM OF THE 9TH |
|
Jackson Generals batting - Pitching for Erie SeaWolves : RHP Cameron Maxwell
|
|
Batting: SHB Tony de Lara
|
0-0: Ball 1-0: Ball 2-0: Called Strike 2-1: Ball 3-1: Called Strike 3-2: SINGLE (Groundball, 5S, EV 69.4 MPH) (infield hit)
|
|
Batting: SHB Jose Castillo
|
0-0: Swinging Strike 0-1: Called Strike 0-2: Strikes out swinging
|
|
Batting: RHB Joe Stading
|
0-0: Called Strike 0-1: Foul Ball, location: 2F 0-2: Ball 1-2: Foul Ball, location: 2F 1-2: Ball 2-2: Ball 3-2: Strikes out swinging
|
|
Batting: RHB Salvador Avina
|
0-0: Called Strike 0-1: Swinging Strike 0-2: Ball 1-2: Fielders Choice at 2nd, 5-4 (Groundball, 56, EV 77.5 MPH)
|
| Bottom of the 9th over - 0 runs, 1 hit, 0 errors, 1 left on base; Erie 6 - Jackson 1 |
|